 Dungeon Crawl Stone Soup version 0.30.0-20-g3b4254fcbd (webtiles) character file.

Game seed: 6040544604785684164

119 fishdoom the Grave Robber (level 4, 0/24 HPs)
             Began as a Deep Elf Necromancer on June 2, 2023.
             Slain by a goblin
             ... wielding a +0 dagger
             ... led by Robin
              (5 damage)
             ... on level 3 of the Dungeon.
             The game lasted 00:25:02 (2767 turns).

fishdoom the Grave Robber (Deep Elf Necromancer)    Turns: 2767, Time: 00:25:02

Health: 0/24       AC:  6    Str:  5    XL:     4   Next: 74%
Magic:  0/11       EV: 13    Int: 22    God:
Gold:   72         SH:  0    Dex: 15    Spells: 6/10 levels left

rFire   . . .        r - staff of conjuration
rCold   . . .        (no shield)
rNeg    . . .        a - +0 robe
rPois   .            (no helmet)
rElec   .            (no cloak)
rCorr   .            w - +3 pair of gauntlets of War {Slay+5}
SInv    .            (no boots)
Will    .....        (no amulet)
Stlth   ++           u - +4 ring of slaying
HPRegen 0.24/turn    (no ring)
MPRegen 0.12/turn

%: no passive effects
@: no status effects
A: no striking features
a: no special abilities


You were on level 3 of the Dungeon.
You visited 1 branch of the dungeon, and saw 3 of its levels.

You collected 72 gold pieces.

Inventory:

Hand Weapons
 d - a +0 short sword
 k - a +0 short sword of protection
 l - a +0 rapier
 t - a +0 hand axe
Armour
 a - a +0 robe (worn)
 n - a +0 ring mail
 p - a +0 buckler of fire resistance
 s - a +0 robe
 w - the +3 pair of gauntlets of War (worn) {Slay+5}
   (You found it on level 3 of the Dungeon)

   Slay:      It affects your accuracy & damage with ranged weapons and melee
   (+5).
Magical Staves
 r - a staff of conjuration (weapon)
Jewellery
 u - a +4 ring of slaying (left hand)
Scrolls
 c - a scroll of magic mapping {unknown}
 e - a scroll of summoning {unknown}
 f - 3 scrolls of identify {unknown}
 i - a scroll of teleportation {unknown}
 m - a scroll of amnesia {unknown}
 o - a scroll of noise {unknown}
 v - a scroll of immolation {unknown}
Potions
 b - a potion of magic
 g - a potion of resistance {unknown}
 h - a potion of attraction {unknown}
 j - a potion of curing {unknown}
 q - a potion of might {unknown}
 x - a potion of flight {unknown}


   Skills:
 + Level 0.1 Fighting
 - Level 1.1 Short Blades
 * Level 0.6 Staves
 + Level 2.7 Dodging
 + Level 3.6 Stealth
 * Level 3.9 Spellcasting
 * Level 0.3 Conjurations
 * Level 5.8 Necromancy


You had 6 spell levels left.
You knew the following spells:

 Your Spells              Type           Power      Damage    Failure   Level
a - Necrotise             Necr           100%       1d9       1%          1
b - Vampiric Draining     Necr           30%        2d8       3%          3

Your spell library contained the following spells:

 Spells                   Type           Power      Damage    Failure   Level
 Animate Dead             Necr           30%        N/A       10%         4
 Agony                    Necr           30%        N/A       28%         5


Dungeon Overview and Level Annotations

Branches:
Dungeon (3/15)

Altars:
Xom

Shops:
D:1 ?[?**   D:2 *


Message History

Aiming: Necrotise (safe; 1% risk of failure)
Press: ? - help, Shift-Dir - straight line, f - Robin
Aim: Robin, wielding a +0 falchion, wearing a +0 animal skin and wearing a +0 helmet (heavily wounded, chance to affect: 88%) Robin barely resists.
The goblin no longer looks unusually strong. x2
The goblin unwields a +0 sling.
The goblin wields a +0 dagger.
The goblin barely misses you. The goblin misses you.
The goblin hits you but does no damage. x2
Robin's horned helmet rattles.
Casting: Necrotise (safe; 1% risk of failure)
Confirm with . or Enter, or press ? or * to list all spells.
Aiming: Necrotise (safe; 1% risk of failure)
Press: ? - help, Shift-Dir - straight line, f/p - Robin
Aim: Robin, wielding a +0 falchion, wearing a +0 animal skin and wearing a +0 helmet (heavily wounded, chance to affect: 88%) Robin writhes in agony!
The goblin no longer looks unusually strong. x2
The goblin hits you with a +0 dagger. The goblin hits you with a +0 club.
The goblin closely misses you. The goblin completely misses you.
Robin roars a battlecry!
The goblins go into a battle-frenzy!
Casting: Necrotise (safe; 1% risk of failure)
Confirm with . or Enter, or press ? or * to list all spells.
Aiming: Necrotise (safe; 1% risk of failure)
Press: ? - help, Shift-Dir - straight line, f/p - Robin
Aim: Robin, wielding a +0 falchion, wearing a +0 animal skin and wearing a +0 helmet (almost dead, chance to affect: 88%) Robin barely resists.
The goblin hits you with a +0 dagger. The goblin misses you.
The goblin hits you with a +0 club. Robin hits you with a +0 falchion.
The goblin closely misses you.
Casting: Necrotise (safe; 1% risk of failure)
Confirm with . or Enter, or press ? or * to list all spells.
Aiming: Necrotise (safe; 1% risk of failure)
Press: ? - help, Shift-Dir - straight line, f/p - Robin
Aim: Robin, wielding a +0 falchion, wearing a +0 animal skin and wearing a +0 helmet (almost dead, chance to affect: 88%) Robin writhes in agony!
You kill Robin!
The dead are walking!
The goblin hits you with a +0 club.
* * * LOW HITPOINT WARNING * * *
The goblin barely misses you. The goblin misses you.
The goblin hits you with a +0 dagger.
You die...

#.#######....##...####g
#....#######..#......gg ###..##
#......gggg ##...## #.# # #..#
##.....########.##.# #. #..#
#.............Z....###. #..#
####........####g.........##..###
#..............ggg.##........≈≈≈.
..###...<>#..###@####.#≈...#..≈##
#..............gg# #.#≈~.......#
.###.###.##..###### #.##≈~.#.....
.#.....#.##..)Z>..# #.>..≈..≈.##.
.#.###.#.##.#####.# #.###..#≈###.
.#.....#.##.#####.###.≈≈~..≈≈# #.
.#.###.#.##Z#...........≈..≈## #.
.#.....#.##........##.##≈.≈≈# #.
.###†###.....#####.##.##.≈≈## #.


You could see a hobgoblin (strong), 5 goblins and the friendly Robin the
hobgoblin skeleton.

Vanquished Creatures
  Robin (D:3)
  3 adders (D:2)
  2 worms (D:2)
  3 dart slugs
  2 orcs (D:3)
  5 endoplasms
  6 giant cockroaches
  10 goblins
  8 hobgoblins
  2 quokkas (D:1)
  8 ball pythons
  6 bats
  A frilled lizard (D:3)
  10 kobolds
  7 rats
74 creatures vanquished.

Notes
Turn   | Place    | Note
-------+----------+-------------------------------------------
     0 | D:1      | fishdoom the Deep Elf Necromancer began the quest for the
                  | Orb.
     0 | D:1      | Reached XP level 1. HP: 10/10 MP: 6/6
    51 | D:1      | Found Ruaz's Antique Armour Shop.
   110 | D:1      | Found Weluy's Magic Scroll Boutique.
   115 | D:1      | Reached skill level 5 in Necromancy
   151 | D:1      | Found Pisofije's Magic Scroll Shop.
   217 | D:1      | Reached XP level 2. HP: 14/15 MP: 5/8
   700 | D:1      | Found Qaip's Assorted Antiques.
   830 | D:1      | Found Yqerav's Assorted Antiques.
  1087 | D:2      | Reached XP level 3. HP: 17/19 MP: 7/9
  1092 | D:2      | Learned a level 3 spell: Vampiric Draining
  1109 | D:2      | Found Hicuq's General Store.
  1879 | D:2      | Reached skill level 1 in Short Blades
  1879 | D:2      | Reached XP level 4. HP: 15/24 MP: 8/11
  2635 | D:3      | Found the +3 pair of gauntlets of War {Slay+5}
  2692 | D:3      | Found a shimmering altar of Xom.
  2742 | D:3      | Noticed Robin
  2767 | D:3      | Killed Robin
  2767 | D:3      | Slain by a goblin

Illustrated notes

Levels and vault maps discovered:
D:1:      ncdulo_wetmaze, layout_basic, serial_shops, shop_fountains,
          nicolae_shop_back_alley_shop, shop, shop, nicolae_shop_behind_doors
D:2:      layout_loops_corners, serial_shops, shop
D:3:      layout_loops_ring, nicolae_qazlal_general_emergency,
          mainiacjoe_overflow_alcove_4, serial_shops, shop,
          chequers_serial_rivers_small_b, minmay_checkerbox, uniq_robin

Skill      XL: |  1  2  3 |
---------------+----------+-----
Necromancy     | 5 |  5.8
Stealth        | 3 |  3.6
Short Blades   | 1 |  1.1
Fighting       | |  0.1
Staves         | |  0.6
Dodging        | |  2.7
Spellcasting   | |  3.9
Conjurations   | |  0.3

Action                     |  1- 3 |  4- 6 || total
---------------------------+-------+-------++-------
  Melee: Short sword       |   104 |    42 ||   146
         Punch             |     1 |     1 ||     2
         Staff             |       |    35 ||    35
   Cast: Necrotise         |    21 |    26 ||    47
         Vampiric Draining |       |     2 ||     2
   Stab: Sleeping          |     8 |     2 ||    10
 Armour: Robe              |    18 |    27 ||    45
         Ring mail         |    14 |    13 ||    27
  Dodge: Dodged            |    71 |    80 ||   151
